 Dungeon Crawl Stone Soup version 0.30-a0-578-gdee14c521f (webtiles) character file.

Game seed: 1737039497589019799

9410 wormed the Skirmisher (level 11, 0/95 HPs)
             Began as a Demigod Hunter on Dec 31, 2022.
             Succumbed to a hornet's poison
             ... on level 9 of the Dungeon.
             The game lasted 00:13:49 (9231 turns).

wormed the Skirmisher (Demigod Hunter)              Turns: 9231, Time: 00:13:50

Health: 0/95       AC:  6    Str: 12    XL:     11   Next: 3%
Magic:  1/14       EV: 23    Int: 17    God:
Gold:   647        SH:  0    Dex: 37    Spells: 10/10 levels left

rFire   . . .      SeeInvis .    a - +0 shortbow
rCold   . . .      Faith    .    (shield currently unavailable)
rNeg    . . .      Spirit   +    t - +2 robe of Unreason {*Corrode Int+6 Dex+8}
rPois   .          Reflect  .    i - +0 helmet
rElec   .          Harm     .    w - +0 cloak {rCorr}
rCorr   +          Rampage  .    (no gloves)
Will    +....                    (no boots)
Stlth   +++                      u - amulet of guardian spirit
HPRegen 0.35/turn                (no ring)
MPRegen 0.14/turn                (no ring)

@: lethally poisoned (0 -> -11), slowed, very slow
A: high MP 1, forlorn, divine attributes
a: no special abilities


You were on level 9 of the Dungeon.
You visited 1 branch of the dungeon, and saw 10 of its levels.

You collected 647 gold pieces.

Inventory:

Hand Weapons
 a - a +0 shortbow (weapon)
 n - the +8 glaive "Visky" {antimagic, *Rage +Blink rC+ rN++}
   (You found it on level 7 of the Dungeon)

   It reduces the magical energy of the wielder, and disrupts the spells and
   magical abilities of those it strikes.
   Natural abilities and divine invocations are not affected.
   rC:        It protects you from cold.
   rN:        It greatly protects you from negative energy.
   +Blink:    It lets you blink.
   *Rage:     It berserks you when you make melee attacks (+20% chance).
Armour
 i - a +0 helmet (worn)
 t - the +2 robe of Unreason (worn) {*Corrode Int+6 Dex+8}
   (You took it off an orc on level 6 of the Dungeon)

   Int:       It affects your intelligence (+6).
   Dex:       It affects your dexterity (+8).
   *Corrode:  It may corrode you when you take damage.
 w - a +0 cloak of preservation (worn)
Jewellery
 h - a ring of ice
 u - an amulet of guardian spirit (around neck)
Wands
 o - a wand of quicksilver (3)
 r - a wand of charming (2)
Scrolls
 b - 3 scrolls of immolation
 f - 2 scrolls of vulnerability
 k - a scroll of silence
 p - 3 scrolls of teleportation
 s - a scroll of amnesia
 v - a scroll of magic mapping
Potions
 d - 2 potions of brilliance
 e - a potion of berserk rage {unknown}
 j - a potion of ambrosia {unknown}
 l - 2 potions of cancellation
 m - 3 potions of might
 q - 2 potions of mutation
 x - 2 potions of attraction {unknown}


   Skills:
 + Level 8.3 Fighting
 * Level 12.0 Ranged Weapons
 + Level 8.3 Dodging
 - Level 0.8 Stealth


You had 10 spell levels left.
You didn't know any spells.
Your spell library contained the following spells:

 Spells                   Type           Power      Damage    Failure   Level
 Apportation              Tloc           0%         N/A       24%         1
 Ensorcelled Hibernation  Hex/Ice        0%         N/A       34%         2
 Gell's Gravitas          Tloc           0%         N/A       56%         3
 Hailstorm                Conj/Ice       0%         3d3       56%         3
 Portal Projectile        Hex/Tloc       0%         N/A       56%         3
 Spider Form              Tmut/Pois      0%         N/A       56%         3
 Teleport Other           Tloc           0%         N/A       56%         3
 Tukima's Dance           Hex            0%         N/A       56%         3
 Vhi's Electric Charge    Tloc/Air       0%         N/A       56%         3
 Anguish                  Hex/Necr       0%         N/A       93%         4
 Ice Form                 Ice/Tmut       0%         N/A       93%         4
 Alistair's Intoxication  Tmut/Pois      0%         N/A       100%        5
 Arcjolt                  Conj/Air       0%         1d10      100%        5
 Blade Hands              Tmut           0%         N/A       100%        5
 Dispersal                Tloc           0%         N/A       100%        6
 Simulacrum               Ice/Necr       0%         N/A       100%        6
 Maxwell's Capacitive Co  Air            0%         ∞         100%        8


Dungeon Overview and Level Annotations

Branches:
Dungeon (10/15)            Temple (0/1) D:5
   Lair: D:8-11         Orc: D:9-12

Shops:
D:6 [

Annotations:
D:7 1 runed translucent door, Newt's ghost, novice OpTm


Innate Abilities, Weirdness & Mutations

You have an increased reservoir of magic. (+10% MP)
You shall have no god before yourself.
Your divine heritage dramatically boosts your attributes as you level up.


Message History

You are more poisoned.
You feel as though you will be slow longer.
You can move again.
You shoot an arrow.
The arrow hits the hornet but does no damage.
The hornet is lightly wounded.
You feel extremely sick.
The hornet stings you but does no damage.
The hornet closely misses you.
You shoot an arrow. The arrow closely misses the hornet.
You feel extremely sick. The hornet stings you.
You feel as though you will be slow longer.
The hornet completely misses you.
You shoot an arrow.
The arrow hits the hornet but does no damage.
The hornet is lightly wounded.
You feel very sick. The hornet barely misses you. The hornet misses you.
You shoot an arrow. The arrow hits the hornet.
The hornet is lightly wounded.
You feel very sick. The hornet stings you!
* * * LOW HITPOINT WARNING * * *
You feel as though you will be slow longer.
The hornet stings you!
* * * LOW HITPOINT WARNING * * *
You are more poisoned.
You suddenly lose the ability to move!
* * * LOW HITPOINT WARNING * * *
You feel very sick. The hornet stings you!
* * * LOW HITPOINT WARNING * * *
You feel as though you will be slow longer.
You can move again.
Aiming: Charm
Press: ? - help, Shift-Dir - straight line, f/p - hornet
Aim: a hornet (lightly wounded, chance to affect: 39%)
The hornet is charmed.
You die...

#....##'## #..#
#._..#...# ########.###
#
#...##...####..........#
#
#####....'.##..........#
# #......#.....>.......#
# #......####..........#
# #......# #..........#
# #......# #..........#
# #......# #.@........#
# #......# #..y.......#
# ####'### ############
## ###.# #. #...# #.
#[### #. #.# ###.
####.### #... #......#
#.#.


You could see a friendly hornet (charmed).

Vanquished Creatures
  Erolcha (D:9)
  A cyclops (D:7)
  Maurice (D:9)
  Joseph (D:8)
  Maggie (D:6)
  A troll (D:9)
  A hornet (D:9)
  Grinder (D:5)
  22 yaks
  A vampire (D:9)
  2 steam dragons
  3 water moccasins
  A sky beast (D:5)
  2 ice beasts (D:7)
  An orc warrior (D:9)
  6 centaurs
  2 kobold brigands
  2 gnoll sergeants
  A necrophage (D:6)
  4 bullfrogs
  2 scorpions
  5 wights (D:8)
  11 killer bees
  2 jellies (D:6)
  5 hounds
  An orc priest (D:8)
  Terence (D:2)
  5 iguanas
  6 orc wizards
  4 gnolls (D:8)
  5 adders
  A shadow imp (D:6)
  An ufetubus (D:4)
  3 dart slugs
  32 orcs
  10 ball pythons
  6 endoplasms
  6 giant cockroaches
  7 goblins
  6 hobgoblins
  3 jackals (D:1)
  18 kobolds
  7 quokkas
  5 bats
  3 frilled lizards
  9 rats
219 creatures vanquished.

Vanquished Creatures (others)
  10 plants (D:6)
10 creatures vanquished.

Grand Total: 229 creatures vanquished

Notes
Turn   | Place    | Note
-------+----------+-------------------------------------------
     0 | D:1      | wormed the Demigod Hunter began the quest for the Orb.
     0 | D:1      | Reached XP level 1. HP: 17/17 MP: 3/3
   100 | D:1      | Reached XP level 2. HP: 22/24 MP: 4/4
   155 | D:1      | Reached skill level 4 in Ranged Weapons
   283 | D:1      | Reached XP level 3. HP: 29/29 MP: 5/5
   824 | D:2      | Noticed Terence
   854 | D:2      | Killed Terence
  1259 | D:3      | Reached XP level 4. HP: 36/37 MP: 6/6
  1604 | D:3      | Identified the +1 chain mail "Arob Quf" {rCorr Int+6}
  1949 | D:4      | Reached XP level 5. HP: 44/44 MP: 7/7
  1993 | D:4      | Reached skill level 5 in Ranged Weapons
  2587 | D:5      | Entered Level 5 of the Dungeon
  2587 | D:5      | Found a staircase to the Ecumenical Temple.
  2787 | D:5      | Reached XP level 6. HP: 51/51 MP: 8/8
  2930 | D:5      | Noticed a water moccasin
  2948 | D:5      | Killed a water moccasin
  2949 | D:5      | Reached skill level 6 in Ranged Weapons
  2975 | D:5      | Reached XP level 7. HP: 37/58 MP: 9/9
  3356 | D:5      | Noticed Grinder
  3529 | D:5      | Killed Grinder
  3909 | D:6      | Reached skill level 7 in Ranged Weapons
  3954 | D:6      | Found Heosyhuxt's Armour Shop.
  3983 | D:6      | Found a glowing drain.
  4024 | D:6      | Noticed Maggie
  4199 | D:6      | Identified the +2 robe of Unreason {*Corrode Int+6 Dex+8}
  4216 | D:6      | Killed Maggie
  4217 | D:6      | Reached skill level 5 in Dodging
  4217 | D:6      | Reached XP level 8. HP: 53/67 MP: 10/10
  4313 | D:6      | Reached skill level 5 in Fighting
  4449 | D:6      | Reached skill level 8 in Ranged Weapons
  5021 | D:7      | Noticed a cyclops
  5030 | D:7      | Killed a cyclops
  5587 | D:7      | Found a runed translucent door.
  5587 | D:7      | Noticed Newt's ghost (novice OpTm)
  5606 | D:7      | Reached XP level 9. HP: 72/75 MP: 11/11
  5728 | D:7      | Reached skill level 9 in Ranged Weapons
  5778 | D:7      | Identified the +8 glaive "Visky" {antimagic, *Rage +Blink
                  | rC+ rN++}
  6609 | D:8      | Reached skill level 10 in Ranged Weapons
  6772 | D:8      | Noticed Joseph
  6783 | D:8      | Killed Joseph
  7275 | D:8      | Reached XP level 10. HP: 86/86 MP: 13/13
  7800 | D:9      | Reached skill level 11 in Ranged Weapons
  8888 | D:9      | Noticed Erolcha
  8899 | D:9      | Killed Erolcha
  8900 | D:9      | Reached skill level 12 in Ranged Weapons
  8991 | D:9      | Noticed Maurice
  9004 | D:9      | Killed Maurice
  9005 | D:9      | Reached XP level 11. HP: 89/95 MP: 12/14
  9149 | D:10     | Entered Level 10 of the Dungeon
  9223 | D:9      | Paralysed by a hornet for 2 turns
  9229 | D:9      | Paralysed by a hornet for 2 turns
  9230 | D:9      | HP: 4/95 [hornet (9)]
  9231 | D:9      | Succumbed to a hornet's poison

Illustrated notes

Levels and vault maps discovered:
D:1:      zelgadis_glass_arrival_small, layout_basic
D:2:      layout_rooms, uniq_terence
D:3:      layout_loops_ring, minmay_close_crescents
D:4:      layout_layer_cave, dk_noncrumbling_3
D:5:      layout_loops_corners, kennysheep_mini_moat,
          minmay_temple_entry_stoned_glass, uniq_grinder
D:6:      layout_cave_pools, serial_shops,
          nicolae_shop_temple_entry_statues_fountains, portal_sewer_entry_f,
          nicolae_concentric_dashed_squares_mild, chequers_big_river,
          minmay_pentangle, uniq_maggie
D:7:      layout_basic, hellmonk_ghost_happy_afterlife
D:8:      layout_basic, uniq_joseph
D:9:      layout_roguey, grunt_temple_overflow_gold_and_silver, minivault_25,
          minmay_circle_x, uniq_maurice, uniq_erolcha
D:10:     nicolae_hexawheel, layout_cave_pools, lair_entry_dummy, uniq_nergalle

Skill      XL: |  1  2  3  4  5  6  7  8  9 10 |
---------------+-------------------------------+-----
Fighting       | 2 3 4 5 7 8 |  8.3
Dodging        | 2 3 4 5 7 8 |  8.3
Ranged Weapons | 4 5 6 7 8 10 12 | 12.0
Stealth        | |  0.8

Action                   |  1- 3 |  4- 6 |  7- 9 | 10-12 || total
-------------------------+-------+-------+-------+-------++-------
Melee: Shortbow          |       |       |     1 |       ||     1
 Fire: Shortbow          |   110 |   179 |   391 |   214 ||   894
Evoke: Wand              |       |       |       |     5 ||     5
  Use: Scroll            |     1 |     5 |     9 |     2 ||    17
       Potion            |       |     4 |     2 |     1 ||     7
Armor: Leather armour    |    19 |    33 |    13 |       ||    65
       Skin              |       |    43 |       |     1 ||    44
       Robe              |       |       |    11 |    10 ||    21
Dodge: Dodged            |    43 |    82 |   194 |   140 ||   459

Table legend: (Time is in decaauts)
 A = Elapsed time spent in this place.
 B = Non-inter-level travel time spent in this place.
 C = Inter-level travel time spent in this place.
 D = Time resting spent in this place.
 E = Time spent auto-exploring this place.
 F = Levels seen in this place.
 G = Mean time per level.
                   A        B        C        D        E       F      G
               +--------+--------+--------+--------+--------+-----+--------+
         Total |   9352 |   9092 |    260 |    207 |   7162 |  10 |  935.2 |
       Dungeon |   9352 |   9092 |    260 |    207 |   7162 |  10 |  935.2 |
               +--------+--------+--------+--------+--------+-----+--------+

Top non-repeatable levels by time:
     D:8: 1710 daAuts
     D:5: 1331 daAuts
     D:7: 1273 daAuts
     D:9: 1188 daAuts
     D:6: 1127 daAuts
     D:1: 778 daAuts
     D:3: 718 daAuts
     D:4: 672 daAuts
     D:2: 488 daAuts
    D:10: 63 daAuts
